Senators vs Thrashers

Created - April 13 2011 at 17:26

Goals
1 2 3 OT1 T
Senators 2 1 0 1 4
Thrashers 2 1 0 0 3
Shots
1 2 3 OT1 T
Senators 12 14 10 6 42
Thrashers 8 14 14 1 37

Period #1

1. Thrashers , Ryan Callahan 1 (Nik Antropov) at 1:54 (PP)
2. Thrashers , Brian Rolston 1 (James Wisniewski, Mike Ribeiro) at 3:42 (PP)
3. Senators , Jason Spezza 2 (Mike Cammalleri, Chris Stewart) at 6:18 (PP)
4. Senators , Thomas Vanek 1 (Dion Phaneuf, Sidney Crosby) at 15:21

Penalties :
Dion Phaneuf (OTT) for Interference (Minor) at 1:52, Dion Phaneuf (OTT) for Goalie Interference (Minor) at 2:01, Mark Giordano (ATL) for Interference (Minor) at 6:14, Carl Gunnarsson (OTT) for Slashing (Minor) at 7:13, James Wisniewski (ATL) for High sticking (Minor) at 12:47, Mark Giordano (ATL) for High sticking (Double Minor) at 16:09, Ryan Malone (ATL) for Fighting (Major) at 17:40, Chris Stewart (OTT) for Fighting (Major) at 17:40

Period #2

5. Thrashers , Dave Bolland 1 (Martin Erat, Mark Giordano) at 3:00
6. Senators , Jason Spezza 3 (Dion Phaneuf, Mike Cammalleri) at 13:42 (PP)

Penalties :
Dion Phaneuf (OTT) for Hooking (Minor) at 6:18, Dion Phaneuf (OTT) for Hooking (Minor) at 11:11, Mark Giordano (ATL) for Roughing (Minor) at 13:16, Jordan Staal (OTT) for Holding (Minor) at 16:01

Period #3

No Goal

Penalties :
Jay Bouwmeester (OTT) for Hooking (Minor) at 2:22, Marc Staal (ATL) for Roughing (Minor) at 6:41, Ryan Suter (ATL) for Slashing (Minor) at 17:33

Overtime #1

7. Senators , Filip Kuba 1 (Daniel Briere) at 9:34 (PP)

Penalties :
James Wisniewski (ATL) for Tripping (Minor) at 2:37, Chris Stewart (OTT) for Roughing (Minor) at 5:40, Marc Staal (ATL) for Hooking (Minor) at 8:38

Goalie Stats

Pascal Leclaire (OTT), 34 saves from 37 shots - (0.919), W, 2-0-0, 69:35 minutes
Roberto Luongo (ATL), 38 saves from 42 shots - (0.905), OTL, 0-1-1, 69:35 minutes

Players Stats

Senators
Player Name              G  A  P  +/- PIM S  H  SB FO    MP 
------------------------------------------------------------
Brent Sopel              0  0  0   0  0   1  0  5  0/0   19 
Carl Gunnarsson          0  0  0   0  2   1  1  0  0/0   22 
Chris Stewart            0  1  1   1  7   0  3  0  0/2   21 
Daniel Briere            0  1  1  -1  0   4  0  0  0/2   21 
David Jones              0  0  0   0  0   2  0  0  0/0   20 
David Steckel            0  0  0   0  0   0  0  0  3/7   6  
Dion Phaneuf             0  2  2   0  8   4  4  1  0/0   27 
Filip Kuba               1  0  1   0  0   3  0  0  0/0   25 
Guillaume Latendresse    0  0  0   0  0   1  2  0  0/1   14 
Jason Spezza             2  0  2   0  0   4  2  0  16/36 22 
Jay Bouwmeester          0  0  0   0  2   1  3  5  0/0   23 
Jordan Staal             0  0  0   0  2   4  1  0  14/28 19 
Karlis Skrastins         0  0  0   0  0   0  2  3  0/0   22 
Mike Cammalleri          0  2  2   0  0   6  0  0  0/1   21 
Patrick Dwyer            0  0  0   0  0   0  0  0  0/0   0  
Patrick Eaves            0  0  0   0  0   0  0  0  0/2   8  
Sidney Crosby            0  1  1   0  0   8  2  0  14/31 24 
Thomas Vanek             1  0  1   0  0   3  1  0  0/1   22 
Thrashers
Player Name              G  A  P  +/- PIM S  H  SB FO    MP 
------------------------------------------------------------
Antoine Vermette         0  0  0   1  0   4  1  1  5/8   24 
Benoit Pouliot           0  0  0  -1  0   1  1  0  5/9   6  
Brad Boyes               0  0  0  -1  0   1  0  0  0/0   8  
Brenden Morrow           0  0  0   0  0   0  1  0  3/3   25 
Brian Rolston            1  0  1   0  0   3  0  0  2/3   19 
Christian Ehrhoff        0  0  0   0  0   2  0  1  0/0   25 
Dave Bolland             1  0  1   1  0   3  0  0  10/18 16 
James Wisniewski         0  1  1   0  4   0  1  0  0/0   24 
Marc Staal               0  0  0  -1  4   3  1  3  0/0   26 
Mark Giordano            0  1  1   1  8   0  3  1  0/0   16 
Martin Erat              0  1  1   1  0   3  0  0  1/2   16 
Mike Ribeiro             0  1  1   0  0   3  0  0  17/28 19 
Nik Antropov             0  1  1   0  0   2  0  0  18/34 22 
Rene Bourque             0  0  0  -1  0   0  2  0  0/2   8  
Ryan Callahan            1  0  1   0  0   6  1  0  0/1   16 
Ryan Malone              0  0  0   0  5   4  1  0  3/3   19 
Ryan Suter               0  0  0   1  2   0  1  0  0/0   20 
Sergei Gonchar           0  0  0  -1  0   2  1  1  0/0   26 

3 Stars

1 - Jason Spezza (OTT)
2 - Dave Bolland (ATL)
3 - Thomas Vanek (OTT)

Power Play

Senators - 3 on 8 Attempt(s) - 37.50%
Thrashers - 2 on 8 Attempt(s) - 25.00%

Penalty Kill

Senators - 6 on 8 Attempt(s) - 75.00% - Score 0 goal in Penalty Kill
Thrashers - 5 on 8 Attempt(s) - 62.50% - Score 0 goal in Penalty Kill

Game Notes

Ryan Malone and Chris Stewart fight to a draw at 17:40 of 1st period

Finance

Level 1 -- Attendance: 6000 (100.00%) -- Ticket Income $540,000.00
Level 2 -- Attendance: 5000 (100.00%) -- Ticket Income $235,000.00
Level 3 -- Attendance: 3500 (100.00%) -- Ticket Income $105,000.00
Level 4 -- Attendance: 3250 (100.00%) -- Ticket Income $65,000.00
Luxury Box -- Attendance: 1000 (100.00%) -- Ticket Income $170,000.00
Game was played at the Philips Arena
Total Attendance: 18750 (100.00%)
Total Ticket Income: $1,178,363.00
Other Income: $353,508.75
Total Income: $1,531,871.00


Play by Play

Period #1

0:01 of 1st period - Sidney Crosby wins face-off versus Nik Antropov in neutral zone.
0:10 of 1st period - Dion Phaneuf is hit by Antoine Vermette and loses puck.
0:27 of 1st period - Shot by Antoine Vermette.
0:27 of 1st period - Deflect By Ryan Callahan.
0:27 of 1st period - Shot Misses the Net.
0:29 of 1st period - Shot by Ryan Callahan.
0:29 of 1st period - Stopped by Pascal Leclaire without a rebound.
0:30 of 1st period - Mike Ribeiro wins face-off versus Mike Cammalleri in Senators zone.
0:31 of 1st period - Shot by Brenden Morrow.
0:31 of 1st period - Shot Misses the Net.
0:35 of 1st period - Shot by Mike Ribeiro.
0:35 of 1st period - Shot Misses the Net.
0:56 of 1st period - Icing by Brenden Morrow.
0:57 of 1st period - Mike Ribeiro wins face-off versus Jordan Staal in Thrashers zone.
1:03 of 1st period - Icing by Jay Bouwmeester.
1:04 of 1st period - Dave Bolland wins face-off versus Jordan Staal in Senators zone.
1:07 of 1st period - Shot by Ryan Malone.
1:07 of 1st period - Shot Misses the Net.
1:37 of 1st period - Shot by Guillaume Latendresse.
1:37 of 1st period - Shot Hit the Post.
1:41 of 1st period - Shot by Jay Bouwmeester.
1:41 of 1st period - Shot Misses the Net.
1:43 of 1st period - Shot by Jordan Staal.
1:43 of 1st period - Shot Blocked by Mark Giordano.
1:52 of 1st period - Minor Penalty to Dion Phaneuf for Interference.
1:53 of 1st period - Nik Antropov wins face-off versus Jordan Staal in Senators zone.
1:54 of 1st period - Shot by Ryan Callahan.
1:54 of 1st period - Goal by Ryan Callahan - Senators : 0 - Thrashers : 1.
1:55 of 1st period - Nik Antropov wins face-off versus Sidney Crosby in neutral zone.
2:01 of 1st period - Minor Penalty to Dion Phaneuf for Goalie Interference.
2:02 of 1st period - Jordan Staal wins face-off versus Mike Ribeiro in Senators zone.
2:27 of 1st period - Shot by Christian Ehrhoff.
2:27 of 1st period - Shot Misses the Net.
2:29 of 1st period - Shot by Brian Rolston.
2:29 of 1st period - Shot Misses the Net.
2:34 of 1st period - Shot by James Wisniewski.
2:34 of 1st period - Shot Misses the Net.
2:36 of 1st period - Shot by Brian Rolston.
2:36 of 1st period - Stopped by Pascal Leclaire with a rebound.
2:38 of 1st period - Shot by James Wisniewski.
2:38 of 1st period - Shot Blocked by Jay Bouwmeester.
2:42 of 1st period - Shot by Brenden Morrow.
2:42 of 1st period - Shot Blocked by Jay Bouwmeester.
3:20 of 1st period - Shot by Antoine Vermette.
3:20 of 1st period - Shot Misses the Net.
3:24 of 1st period - Shot by Antoine Vermette.
3:24 of 1st period - Shot Misses the Net.
3:26 of 1st period - Shot by Ryan Callahan.
3:26 of 1st period - Stopped by Pascal Leclaire without a rebound.
3:27 of 1st period - Mike Ribeiro wins face-off versus Patrick Eaves in Senators zone.
3:42 of 1st period - Shot by Brian Rolston.
3:42 of 1st period - Goal by Brian Rolston - Senators : 0 - Thrashers : 2.
3:43 of 1st period - Sidney Crosby wins face-off versus Dave Bolland in neutral zone.
4:16 of 1st period - Shot by Martin Erat.
4:16 of 1st period - Stopped by Pascal Leclaire with a rebound.
4:18 of 1st period - Shot by Dave Bolland.
4:18 of 1st period - Deflect By Ryan Malone.
4:18 of 1st period - Stopped by Pascal Leclaire without a rebound.
4:19 of 1st period - Benoit Pouliot wins face-off versus Jason Spezza in Senators zone.
4:37 of 1st period - Daniel Briere is hit by Marc Staal.
4:55 of 1st period - Shot by Mike Cammalleri.
4:55 of 1st period - Shot Misses the Net.
5:36 of 1st period - Shot by Brian Rolston.
5:36 of 1st period - Shot Blocked by Brent Sopel.
6:14 of 1st period - Minor Penalty to Mark Giordano for Interference.
6:15 of 1st period - Jason Spezza wins face-off versus Antoine Vermette in Thrashers zone.
6:18 of 1st period - Shot by Mike Cammalleri.
6:18 of 1st period - Deflect By Jason Spezza.
6:18 of 1st period - Goal by Jason Spezza - Senators : 1 - Thrashers : 2.
6:19 of 1st period - Dave Bolland wins face-off versus Sidney Crosby in neutral zone.
6:24 of 1st period - Icing by Filip Kuba.
6:25 of 1st period - Sidney Crosby wins face-off versus Nik Antropov in Senators zone.
7:13 of 1st period - Minor Penalty to Carl Gunnarsson for Slashing.
7:14 of 1st period - Mike Ribeiro wins face-off versus Patrick Eaves in Senators zone.
7:41 of 1st period - Shot by James Wisniewski.
7:41 of 1st period - Shot Misses the Net.
9:51 of 1st period - Shot by Ryan Malone.
9:51 of 1st period - Shot Misses the Net.
9:53 of 1st period - Shot by Martin Erat.
9:53 of 1st period - Shot Misses the Net.
10:11 of 1st period - Shot by Sidney Crosby.
10:11 of 1st period - Stopped by Roberto Luongo without a rebound.
10:12 of 1st period - Jordan Staal wins face-off versus Rene Bourque in Thrashers zone.
10:26 of 1st period - Icing by Brad Boyes.
10:27 of 1st period - Benoit Pouliot wins face-off versus Sidney Crosby in Thrashers zone.
11:27 of 1st period - Shot by David Jones.
11:27 of 1st period - Stopped by Roberto Luongo without a rebound.
11:28 of 1st period - Jason Spezza wins face-off versus Dave Bolland in Thrashers zone.
11:29 of 1st period - Shot by Mike Cammalleri.
11:29 of 1st period - Stopped by Roberto Luongo without a rebound.
11:30 of 1st period - Jason Spezza wins face-off versus Mike Ribeiro in Thrashers zone.
11:42 of 1st period - Shot by Mike Cammalleri.
11:42 of 1st period - Stopped by Roberto Luongo without a rebound.
11:43 of 1st period - Nik Antropov wins face-off versus Jason Spezza in Thrashers zone.
11:56 of 1st period - Shot by Jason Spezza.
11:56 of 1st period - Stopped by Roberto Luongo without a rebound.
11:57 of 1st period - Jordan Staal wins face-off versus Dave Bolland in Thrashers zone.
12:36 of 1st period - Shot by Ryan Malone.
12:36 of 1st period - Deflect By Dave Bolland.
12:36 of 1st period - Stopped by Pascal Leclaire without a rebound.
12:37 of 1st period - Mike Ribeiro wins face-off versus Jason Spezza in Senators zone.
12:47 of 1st period - Minor Penalty to James Wisniewski for High sticking.
12:48 of 1st period - Jason Spezza wins face-off versus Nik Antropov in Thrashers zone.
13:52 of 1st period - Shot by Filip Kuba.
13:52 of 1st period - Shot Blocked by Sergei Gonchar.
13:54 of 1st period - Shot by Sidney Crosby.
13:54 of 1st period - Shot Blocked by Marc Staal.
13:56 of 1st period - Shot by Filip Kuba.
13:56 of 1st period - Stopped by Roberto Luongo with a rebound.
13:58 of 1st period - Shot by Jay Bouwmeester.
13:58 of 1st period - Shot Blocked by Antoine Vermette.
14:00 of 1st period - Shot by Daniel Briere.
14:00 of 1st period - Shot Misses the Net.
14:04 of 1st period - Shot by Filip Kuba.
14:04 of 1st period - Stopped by Roberto Luongo without a rebound.
14:05 of 1st period - Jason Spezza wins face-off versus Nik Antropov in Thrashers zone.
15:13 of 1st period - Shot by Jordan Staal.
15:13 of 1st period - Shot Blocked by Christian Ehrhoff.
15:17 of 1st period - Shot by Guillaume Latendresse.
15:17 of 1st period - Stopped by Roberto Luongo without a rebound.
15:18 of 1st period - Sidney Crosby wins face-off versus Benoit Pouliot in Thrashers zone.
15:21 of 1st period - Shot by Thomas Vanek.
15:21 of 1st period - Goal by Thomas Vanek - Senators : 2 - Thrashers : 2.
15:22 of 1st period - Dave Bolland wins face-off versus Sidney Crosby in neutral zone.
15:42 of 1st period - Sidney Crosby is hit by Mark Giordano and loses puck.
15:58 of 1st period - Icing by Ryan Suter.
15:59 of 1st period - Jordan Staal wins face-off versus Dave Bolland in Thrashers zone.
16:08 of 1st period - Jordan Staal is hit by Mark Giordano and loses puck.
16:09 of 1st period - Double Minor Penalty to Mark Giordano for High sticking.
16:10 of 1st period - Sidney Crosby wins face-off versus Antoine Vermette in Thrashers zone.
16:39 of 1st period - Shot by Thomas Vanek.
16:39 of 1st period - Shot Misses the Net.
17:11 of 1st period - Shot by Jason Spezza.
17:11 of 1st period - Shot Misses the Net.
17:13 of 1st period - Shot by Dion Phaneuf.
17:13 of 1st period - Shot Misses the Net.
17:40 of 1st period - Ryan Malone and Chris Stewart fight to a draw.
17:40 of 1st period - Penalty to Ryan Malone for Fighting.
17:40 of 1st period - Penalty to Chris Stewart for Fighting.
17:41 of 1st period - Antoine Vermette wins face-off versus Sidney Crosby in neutral zone.
17:41 of 1st period - Antoine Vermette is hit by Sidney Crosby.
17:59 of 1st period - Shot by Filip Kuba.
17:59 of 1st period - Shot Misses the Net.
18:01 of 1st period - Shot by Jay Bouwmeester.
18:01 of 1st period - Stopped by Roberto Luongo without a rebound.
18:02 of 1st period - Jason Spezza wins face-off versus Nik Antropov in Thrashers zone.
18:14 of 1st period - Icing by Mike Cammalleri.
18:15 of 1st period - Nik Antropov wins face-off versus Jason Spezza in Senators zone.
19:17 of 1st period - Jordan Staal is hit by Ryan Suter.
19:53 of 1st period - Shot by Mike Cammalleri.
19:53 of 1st period - Stopped by Roberto Luongo without a rebound.
19:54 of 1st period - Antoine Vermette wins face-off versus Sidney Crosby in Thrashers zone.
0:00 of 2nd period - Icing by Daniel Briere.

Period #2

0:01 of 2nd period - Sidney Crosby wins face-off versus Antoine Vermette in neutral zone.
0:38 of 2nd period - Icing by Antoine Vermette.
0:39 of 2nd period - Dave Bolland wins face-off versus Sidney Crosby in Thrashers zone.
0:53 of 2nd period - Martin Erat is hit by Dion Phaneuf and loses puck.
1:08 of 2nd period - Shot by Thomas Vanek.
1:08 of 2nd period - Shot Misses the Net.
1:12 of 2nd period - Shot by Sidney Crosby.
1:12 of 2nd period - Stopped by Roberto Luongo without a rebound.
1:13 of 2nd period - Jason Spezza wins face-off versus Rene Bourque in Thrashers zone.
2:00 of 2nd period - Shot by Guillaume Latendresse.
2:00 of 2nd period - Shot Blocked by Marc Staal.
2:02 of 2nd period - Shot by Jay Bouwmeester.
2:02 of 2nd period - Shot Misses the Net.
2:04 of 2nd period - Shot by Jordan Staal.
2:04 of 2nd period - Stopped by Roberto Luongo without a rebound.
2:05 of 2nd period - Sidney Crosby wins face-off versus Brian Rolston in Thrashers zone.
2:21 of 2nd period - Icing by Dion Phaneuf.
2:22 of 2nd period - Dave Bolland wins face-off versus Sidney Crosby in Senators zone.
2:22 of 2nd period - Dave Bolland is hit by Dion Phaneuf.
2:50 of 2nd period - Shot by Dave Bolland.
2:50 of 2nd period - Shot Misses the Net.
2:54 of 2nd period - Shot by Martin Erat.
2:54 of 2nd period - Stopped by Pascal Leclaire with a rebound.
2:58 of 2nd period - Shot by Martin Erat.
2:58 of 2nd period - Shot Misses the Net.
3:00 of 2nd period - Shot by Dave Bolland.
3:00 of 2nd period - Goal by Dave Bolland - Senators : 2 - Thrashers : 3.
3:01 of 2nd period - Jordan Staal wins face-off versus Mike Ribeiro in neutral zone.
3:07 of 2nd period - Mike Ribeiro is hit by Jay Bouwmeester and loses puck.
3:16 of 2nd period - Shot by Brian Rolston.
3:16 of 2nd period - Shot Misses the Net.
3:20 of 2nd period - Shot by Mike Ribeiro.
3:20 of 2nd period - Shot Blocked by Jay Bouwmeester.
3:24 of 2nd period - Shot by Mike Ribeiro.
3:24 of 2nd period - Stopped by Pascal Leclaire without a rebound.
3:25 of 2nd period - Jason Spezza wins face-off versus Benoit Pouliot in Senators zone.
3:30 of 2nd period - Shot by Carl Gunnarsson.
3:30 of 2nd period - Deflect By Mike Cammalleri.
3:30 of 2nd period - Stopped by Roberto Luongo without a rebound.
3:31 of 2nd period - Jordan Staal wins face-off versus Nik Antropov in Thrashers zone.
3:44 of 2nd period - Nik Antropov is hit by Jay Bouwmeester and loses puck.
3:47 of 2nd period - Shot by Antoine Vermette.
3:47 of 2nd period - Stopped by Pascal Leclaire with a rebound.
3:51 of 2nd period - Shot by Sergei Gonchar.
3:51 of 2nd period - Shot Blocked by Brent Sopel.
3:53 of 2nd period - Shot by Antoine Vermette.
3:53 of 2nd period - Shot Misses the Net.
3:55 of 2nd period - Shot by Sergei Gonchar.
3:55 of 2nd period - Shot Blocked by Jay Bouwmeester.
3:57 of 2nd period - Shot by Marc Staal.
3:57 of 2nd period - Shot Blocked by Brent Sopel.
3:59 of 2nd period - Shot by Ryan Callahan.
3:59 of 2nd period - Stopped by Pascal Leclaire without a rebound.
4:00 of 2nd period - Mike Ribeiro wins face-off versus Jason Spezza in Senators zone.
4:49 of 2nd period - Dion Phaneuf is hit by Brenden Morrow.
4:53 of 2nd period - Shot by Sidney Crosby.
4:53 of 2nd period - Shot Hit the Post.
5:45 of 2nd period - Shot by Martin Erat.
5:45 of 2nd period - Stopped by Pascal Leclaire with a rebound.
6:18 of 2nd period - Minor Penalty to Dion Phaneuf for Hooking.
6:19 of 2nd period - David Steckel wins face-off versus Nik Antropov in Senators zone.
6:27 of 2nd period - Off-side.
6:28 of 2nd period - Mike Ribeiro wins face-off versus David Steckel in neutral zone.
8:15 of 2nd period - Shot by Marc Staal.
8:15 of 2nd period - Stopped by Pascal Leclaire without a rebound.
8:16 of 2nd period - Nik Antropov wins face-off versus Jordan Staal in Senators zone.
8:34 of 2nd period - Daniel Briere is hit by Mark Giordano and loses puck.
9:15 of 2nd period - Shot by Benoit Pouliot.
9:15 of 2nd period - Stopped by Pascal Leclaire with a rebound.
9:17 of 2nd period - Shot by Brad Boyes.
9:17 of 2nd period - Stopped by Pascal Leclaire without a rebound.
9:18 of 2nd period - Antoine Vermette wins face-off versus Jordan Staal in Senators zone.
9:33 of 2nd period - Shot by Guillaume Latendresse.
9:33 of 2nd period - Shot Misses the Net.
9:38 of 2nd period - Sergei Gonchar is hit by Guillaume Latendresse and loses puck.
10:41 of 2nd period - Shot by Sidney Crosby.
10:41 of 2nd period - Stopped by Roberto Luongo without a rebound.
10:42 of 2nd period - Mike Ribeiro wins face-off versus Sidney Crosby in Thrashers zone.
11:02 of 2nd period - Icing by Christian Ehrhoff.
11:03 of 2nd period - Mike Ribeiro wins face-off versus Sidney Crosby in Thrashers zone.
11:11 of 2nd period - Minor Penalty to Dion Phaneuf for Hooking.
11:12 of 2nd period - Nik Antropov wins face-off versus Jordan Staal in Senators zone.
11:19 of 2nd period - Shot by Antoine Vermette.
11:19 of 2nd period - Shot Blocked by Karlis Skrastins.
11:23 of 2nd period - Shot by Nik Antropov.
11:23 of 2nd period - Stopped by Pascal Leclaire without a rebound.
11:24 of 2nd period - Nik Antropov wins face-off versus David Steckel in Senators zone.
11:41 of 2nd period - Shot by Marc Staal.
11:41 of 2nd period - Shot Misses the Net.
11:43 of 2nd period - Shot by Marc Staal.
11:43 of 2nd period - Shot Misses the Net.
11:47 of 2nd period - Shot by Antoine Vermette.
11:47 of 2nd period - Stopped by Pascal Leclaire without a rebound.
11:48 of 2nd period - Brian Rolston wins face-off versus David Steckel in Senators zone.
12:50 of 2nd period - Marc Staal is hit by Jay Bouwmeester and loses puck.
13:13 of 2nd period - Icing by Sergei Gonchar.
13:14 of 2nd period - Sidney Crosby wins face-off versus Dave Bolland in Thrashers zone.
13:16 of 2nd period - Minor Penalty to Mark Giordano for Roughing.
13:17 of 2nd period - Jason Spezza wins face-off versus Nik Antropov in Thrashers zone.
13:20 of 2nd period - Shot by Dion Phaneuf.
13:20 of 2nd period - Stopped by Roberto Luongo with a rebound.
13:22 of 2nd period - Shot by Dion Phaneuf.
13:22 of 2nd period - Stopped by Roberto Luongo with a rebound.
13:24 of 2nd period - Shot by Mike Cammalleri.
13:24 of 2nd period - Stopped by Roberto Luongo without a rebound.
13:25 of 2nd period - Jason Spezza wins face-off versus Nik Antropov in Thrashers zone.
13:28 of 2nd period - Shot by Dion Phaneuf.
13:28 of 2nd period - Stopped by Roberto Luongo without a rebound.
13:29 of 2nd period - Nik Antropov wins face-off versus Jason Spezza in Thrashers zone.
13:40 of 2nd period - Shot by Dion Phaneuf.
13:40 of 2nd period - Stopped by Roberto Luongo with a rebound.
13:42 of 2nd period - Shot by Jason Spezza.
13:42 of 2nd period - Goal by Jason Spezza - Senators : 3 - Thrashers : 3.
13:43 of 2nd period - Jordan Staal wins face-off versus Dave Bolland in neutral zone.
13:49 of 2nd period - Shot by David Jones.
13:49 of 2nd period - Shot Misses the Net.
13:53 of 2nd period - Shot by Brent Sopel.
13:53 of 2nd period - Stopped by Roberto Luongo with a rebound.
13:55 of 2nd period - Shot by Jordan Staal.
13:55 of 2nd period - Stopped by Roberto Luongo without a rebound.
13:56 of 2nd period - Sidney Crosby wins face-off versus Mike Ribeiro in Thrashers zone.
15:06 of 2nd period - Shot by Martin Erat.
15:06 of 2nd period - Shot Misses the Net.
15:10 of 2nd period - Shot by Ryan Malone.
15:10 of 2nd period - Shot Misses the Net.
15:12 of 2nd period - Shot by Martin Erat.
15:12 of 2nd period - Shot Misses the Net.
15:14 of 2nd period - Shot by Ryan Malone.
15:14 of 2nd period - Stopped by Pascal Leclaire without a rebound.
15:15 of 2nd period - Nik Antropov wins face-off versus Jason Spezza in Senators zone.
15:50 of 2nd period - Shot by Daniel Briere.
15:50 of 2nd period - Stopped by Roberto Luongo without a rebound.
15:51 of 2nd period - Mike Ribeiro wins face-off versus Jordan Staal in Thrashers zone.
15:53 of 2nd period - Icing by Brian Rolston.
15:54 of 2nd period - Mike Ribeiro wins face-off versus Jordan Staal in Thrashers zone.
16:01 of 2nd period - Minor Penalty to Jordan Staal for Holding.
16:02 of 2nd period - Mike Ribeiro wins face-off versus David Steckel in Senators zone.
16:05 of 2nd period - Shot by Brenden Morrow.
16:05 of 2nd period - Shot Misses the Net.
17:03 of 2nd period - Shot by Sergei Gonchar.
17:03 of 2nd period - Shot Blocked by Brent Sopel.
17:05 of 2nd period - Shot by Marc Staal.
17:05 of 2nd period - Shot Blocked by Brent Sopel.
17:07 of 2nd period - Shot by Ryan Callahan.
17:07 of 2nd period - Shot Misses the Net.
17:09 of 2nd period - Shot by Ryan Callahan.
17:09 of 2nd period - Shot Blocked by Jay Bouwmeester.
17:29 of 2nd period - Shot by Marc Staal.
17:29 of 2nd period - Stopped by Pascal Leclaire without a rebound.
17:30 of 2nd period - Mike Ribeiro wins face-off versus Sidney Crosby in Senators zone.
17:33 of 2nd period - Shot by Christian Ehrhoff.
17:33 of 2nd period - Stopped by Pascal Leclaire with a rebound.
17:35 of 2nd period - Shot by Brian Rolston.
17:35 of 2nd period - Shot Misses the Net.
17:37 of 2nd period - Shot by Christian Ehrhoff.
17:37 of 2nd period - Shot Misses the Net.
17:39 of 2nd period - Shot by Brenden Morrow.
17:39 of 2nd period - Shot Blocked by Karlis Skrastins.
17:41 of 2nd period - Shot by Brenden Morrow.
17:41 of 2nd period - Shot Blocked by Karlis Skrastins.
18:10 of 2nd period - Shot by Daniel Briere.
18:10 of 2nd period - Deflect By Mike Cammalleri.
18:10 of 2nd period - Stopped by Roberto Luongo without a rebound.
18:11 of 2nd period - Dave Bolland wins face-off versus Jason Spezza in Thrashers zone.
18:11 of 2nd period - Dave Bolland is hit by Jason Spezza.
18:40 of 2nd period - Dave Bolland is hit by Carl Gunnarsson and loses puck.
19:13 of 2nd period - Ryan Callahan is hit by Sidney Crosby and loses puck.
19:30 of 2nd period - Marc Staal is hit by Chris Stewart.
19:31 of 2nd period - Icing by Marc Staal.
19:32 of 2nd period - Jordan Staal wins face-off versus Nik Antropov in Thrashers zone.

Period #3

0:01 of 3rd period - Nik Antropov wins face-off versus Chris Stewart in neutral zone.
0:14 of 3rd period - Shot by Antoine Vermette.
0:14 of 3rd period - Stopped by Pascal Leclaire without a rebound.
0:15 of 3rd period - Mike Ribeiro wins face-off versus Jason Spezza in Senators zone.
0:42 of 3rd period - Shot by Brian Rolston.
0:42 of 3rd period - Stopped by Pascal Leclaire without a rebound.
0:43 of 3rd period - Nik Antropov wins face-off versus Sidney Crosby in Senators zone.
0:43 of 3rd period - Antoine Vermette is hit by Dion Phaneuf and loses puck.
0:51 of 3rd period - Icing by Filip Kuba.
0:52 of 3rd period - Dave Bolland wins face-off versus Sidney Crosby in Senators zone.
1:24 of 3rd period - Shot by Sidney Crosby.
1:24 of 3rd period - Stopped by Roberto Luongo without a rebound.
1:25 of 3rd period - Jason Spezza wins face-off versus Nik Antropov in Thrashers zone.
1:34 of 3rd period - Shot by Carl Gunnarsson.
1:34 of 3rd period - Stopped by Roberto Luongo without a rebound.
1:35 of 3rd period - Mike Ribeiro wins face-off versus Jordan Staal in Thrashers zone.
1:37 of 3rd period - Icing by Brian Rolston.
1:38 of 3rd period - Brian Rolston wins face-off versus Guillaume Latendresse in Thrashers zone.
1:38 of 3rd period - Brian Rolston is hit by Jordan Staal.
2:17 of 3rd period - Icing by Brent Sopel.
2:18 of 3rd period - Nik Antropov wins face-off versus Jordan Staal in Senators zone.
2:22 of 3rd period - Minor Penalty to Jay Bouwmeester for Hooking.
2:23 of 3rd period - Jordan Staal wins face-off versus Nik Antropov in Senators zone.
2:33 of 3rd period - Off-side.
2:34 of 3rd period - Jordan Staal wins face-off versus Nik Antropov in neutral zone.
2:51 of 3rd period - Shot by Antoine Vermette.
2:51 of 3rd period - Shot Blocked by Dion Phaneuf.
2:53 of 3rd period - Shot by Sergei Gonchar.
2:53 of 3rd period - Stopped by Pascal Leclaire without a rebound.
2:54 of 3rd period - David Steckel wins face-off versus Mike Ribeiro in Senators zone.
3:07 of 3rd period - Shot by Christian Ehrhoff.
3:07 of 3rd period - Stopped by Pascal Leclaire without a rebound.
3:08 of 3rd period - Nik Antropov wins face-off versus Jordan Staal in Senators zone.
3:15 of 3rd period - Shot by Antoine Vermette.
3:15 of 3rd period - Shot Misses the Net.
3:17 of 3rd period - Shot by Marc Staal.
3:17 of 3rd period - Shot Misses the Net.
3:21 of 3rd period - Shot by Ryan Callahan.
3:21 of 3rd period - Shot Misses the Net.
3:23 of 3rd period - Shot by Ryan Callahan.
3:23 of 3rd period - Stopped by Pascal Leclaire with a rebound.
3:27 of 3rd period - Shot by Ryan Callahan.
3:27 of 3rd period - Stopped by Pascal Leclaire with a rebound.
3:29 of 3rd period - Shot by Marc Staal.
3:29 of 3rd period - Stopped by Pascal Leclaire without a rebound.
3:30 of 3rd period - David Steckel wins face-off versus Mike Ribeiro in Senators zone.
4:25 of 3rd period - Icing by Carl Gunnarsson.
4:26 of 3rd period - Martin Erat wins face-off versus Jason Spezza in Senators zone.
4:30 of 3rd period - Dave Bolland is hit by Karlis Skrastins and loses puck.
4:36 of 3rd period - Martin Erat is hit by Karlis Skrastins and loses puck.
5:08 of 3rd period - Icing by Mark Giordano.
5:09 of 3rd period - Dave Bolland wins face-off versus Sidney Crosby in Thrashers zone.
5:09 of 3rd period - Dave Bolland is hit by Thomas Vanek.
5:31 of 3rd period - Shot by Sidney Crosby.
5:31 of 3rd period - Shot Misses the Net.
6:09 of 3rd period - Icing by Dion Phaneuf.
6:10 of 3rd period - Sidney Crosby wins face-off versus Mike Ribeiro in Senators zone.
6:29 of 3rd period - Shot by Mike Ribeiro.
6:29 of 3rd period - Stopped by Pascal Leclaire without a rebound.
6:30 of 3rd period - Ryan Malone wins face-off versus Jason Spezza in Senators zone.
6:34 of 3rd period - Icing by Carl Gunnarsson.
6:35 of 3rd period - Jason Spezza wins face-off versus Benoit Pouliot in Senators zone.
6:35 of 3rd period - Jason Spezza is hit by Rene Bourque.
6:40 of 3rd period - Daniel Briere is hit by Sergei Gonchar.
6:41 of 3rd period - Minor Penalty to Marc Staal for Roughing.
6:42 of 3rd period - Jason Spezza wins face-off versus Nik Antropov in Thrashers zone.
6:44 of 3rd period - Chris Stewart is hit by James Wisniewski and loses puck.
7:07 of 3rd period - Icing by Mike Cammalleri.
7:08 of 3rd period - Ryan Malone wins face-off versus Jason Spezza in Senators zone.
7:09 of 3rd period - Shot by Christian Ehrhoff.
7:09 of 3rd period - Shot Misses the Net.
8:35 of 3rd period - Shot by Daniel Briere.
8:35 of 3rd period - Stopped by Roberto Luongo with a rebound.
9:12 of 3rd period - Shot by Martin Erat.
9:12 of 3rd period - Shot Misses the Net.
9:14 of 3rd period - Shot by Ryan Malone.
9:14 of 3rd period - Stopped by Pascal Leclaire with a rebound.
9:56 of 3rd period - Dion Phaneuf is hit by Rene Bourque and loses puck.
10:12 of 3rd period - Icing by Sidney Crosby.
10:13 of 3rd period - Mike Ribeiro wins face-off versus Sidney Crosby in Senators zone.
10:13 of 3rd period - Marc Staal is hit by Dion Phaneuf.
11:05 of 3rd period - Shot by David Jones.
11:05 of 3rd period - Shot Misses the Net.
11:10 of 3rd period - Off-side.
11:11 of 3rd period - Nik Antropov wins face-off versus Jordan Staal in neutral zone.
11:28 of 3rd period - Shot by Antoine Vermette.
11:28 of 3rd period - Stopped by Pascal Leclaire without a rebound.
11:29 of 3rd period - Sidney Crosby wins face-off versus Dave Bolland in Senators zone.
11:44 of 3rd period - Shot by Sidney Crosby.
11:44 of 3rd period - Deflect By Chris Stewart.
11:44 of 3rd period - Shot Misses the Net.
12:05 of 3rd period - Icing by Dave Bolland.
12:06 of 3rd period - Jason Spezza wins face-off versus Dave Bolland in Thrashers zone.
12:21 of 3rd period - Icing by Mike Cammalleri.
12:22 of 3rd period - Brenden Morrow wins face-off versus Jason Spezza in Senators zone.
12:53 of 3rd period - Shot by Brian Rolston.
12:53 of 3rd period - Shot Misses the Net.
12:55 of 3rd period - Shot by Brenden Morrow.
12:55 of 3rd period - Shot Misses the Net.
12:57 of 3rd period - Shot by Mike Ribeiro.
12:57 of 3rd period - Stopped by Pascal Leclaire without a rebound.
12:58 of 3rd period - Nik Antropov wins face-off versus Jordan Staal in Senators zone.
13:07 of 3rd period - Shot by Jordan Staal.
13:07 of 3rd period - Shot Misses the Net.
13:15 of 3rd period - Shot by Antoine Vermette.
13:15 of 3rd period - Shot Misses the Net.
13:19 of 3rd period - Shot by Antoine Vermette.
13:19 of 3rd period - Shot Misses the Net.
14:14 of 3rd period - Shot by Ryan Malone.
14:14 of 3rd period - Shot Misses the Net.
14:18 of 3rd period - Shot by Dave Bolland.
14:18 of 3rd period - Stopped by Pascal Leclaire without a rebound.
14:19 of 3rd period - Mike Ribeiro wins face-off versus Thomas Vanek in Senators zone.
14:44 of 3rd period - Shot by Sidney Crosby.
14:44 of 3rd period - Stopped by Roberto Luongo without a rebound.
14:45 of 3rd period - Benoit Pouliot wins face-off versus Jason Spezza in Thrashers zone.
14:54 of 3rd period - Shot by Daniel Briere.
14:54 of 3rd period - Stopped by Roberto Luongo without a rebound.
14:55 of 3rd period - Ryan Malone wins face-off versus Jason Spezza in Thrashers zone.
15:02 of 3rd period - Shot by Daniel Briere.
15:02 of 3rd period - Stopped by Roberto Luongo with a rebound.
15:05 of 3rd period - Icing by Ryan Suter.
15:06 of 3rd period - Dave Bolland wins face-off versus Jason Spezza in Thrashers zone.
16:08 of 3rd period - Shot by Sidney Crosby.
16:08 of 3rd period - Stopped by Roberto Luongo without a rebound.
16:09 of 3rd period - Benoit Pouliot wins face-off versus Jordan Staal in Thrashers zone.
16:09 of 3rd period - Benoit Pouliot is hit by Guillaume Latendresse.
16:25 of 3rd period - Shot by Sergei Gonchar.
16:25 of 3rd period - Stopped by Pascal Leclaire without a rebound.
16:26 of 3rd period - Sidney Crosby wins face-off versus Ryan Callahan in Senators zone.
16:31 of 3rd period - Shot by Thomas Vanek.
16:31 of 3rd period - Stopped by Roberto Luongo with a rebound.
17:29 of 3rd period - Shot by Jordan Staal.
17:29 of 3rd period - Stopped by Roberto Luongo without a rebound.
17:30 of 3rd period - Dave Bolland wins face-off versus Jason Spezza in Thrashers zone.
17:30 of 3rd period - Dave Bolland is hit by Jason Spezza.
17:33 of 3rd period - Minor Penalty to Ryan Suter for Slashing.
17:34 of 3rd period - Brenden Morrow wins face-off versus Jason Spezza in Thrashers zone.
17:40 of 3rd period - Icing by Dion Phaneuf.
17:41 of 3rd period - Brenden Morrow wins face-off versus Jason Spezza in Senators zone.
17:50 of 3rd period - Shot by Ryan Malone.
17:50 of 3rd period - Stopped by Pascal Leclaire without a rebound.
17:51 of 3rd period - Nik Antropov wins face-off versus Daniel Briere in Senators zone.
19:04 of 3rd period - Shot by Jason Spezza.
19:04 of 3rd period - Stopped by Roberto Luongo with a rebound.

Overtime #1

0:01 of 1st overtime period - Sidney Crosby wins face-off versus Nik Antropov in neutral zone.
0:10 of 1st overtime period - Shot by Sidney Crosby.
0:10 of 1st overtime period - Stopped by Roberto Luongo without a rebound.
0:11 of 1st overtime period - Jason Spezza wins face-off versus Mike Ribeiro in Thrashers zone.
0:14 of 1st overtime period - Shot by Daniel Briere.
0:14 of 1st overtime period - Shot Misses the Net.
1:26 of 1st overtime period - Carl Gunnarsson is hit by Ryan Callahan.
2:21 of 1st overtime period - Shot by Sidney Crosby.
2:21 of 1st overtime period - Stopped by Roberto Luongo without a rebound.
2:22 of 1st overtime period - Jordan Staal wins face-off versus Mike Ribeiro in Thrashers zone.
2:37 of 1st overtime period - Shot by David Jones.
2:37 of 1st overtime period - Stopped by Roberto Luongo without a rebound.
2:37 of 1st overtime period - Minor Penalty to James Wisniewski for Tripping.
2:38 of 1st overtime period - Nik Antropov wins face-off versus Sidney Crosby in Thrashers zone.
3:03 of 1st overtime period - Jay Bouwmeester is hit by Ryan Malone and loses puck.
3:10 of 1st overtime period - Shot by Nik Antropov.
3:10 of 1st overtime period - Stopped by Pascal Leclaire without a rebound.
3:11 of 1st overtime period - Antoine Vermette wins face-off versus Sidney Crosby in Senators zone.
3:36 of 1st overtime period - Shot by Sidney Crosby.
3:36 of 1st overtime period - Deflect By Thomas Vanek.
3:36 of 1st overtime period - Stopped by Roberto Luongo with a rebound.
4:10 of 1st overtime period - Off-side.
4:11 of 1st overtime period - Jordan Staal wins face-off versus Nik Antropov in neutral zone.
4:55 of 1st overtime period - Shot by Jordan Staal.
4:55 of 1st overtime period - Stopped by Roberto Luongo without a rebound.
4:56 of 1st overtime period - Benoit Pouliot wins face-off versus Daniel Briere in Thrashers zone.
5:25 of 1st overtime period - Shot by Rene Bourque.
5:25 of 1st overtime period - Shot Misses the Net.
5:40 of 1st overtime period - Minor Penalty to Chris Stewart for Roughing.
5:41 of 1st overtime period - Jordan Staal wins face-off versus Mike Ribeiro in Senators zone.
5:47 of 1st overtime period - Icing by James Wisniewski.
5:48 of 1st overtime period - Jordan Staal wins face-off versus Mike Ribeiro in Thrashers zone.
5:57 of 1st overtime period - Shot by Patrick Eaves.
5:57 of 1st overtime period - Shot Misses the Net.
7:43 of 1st overtime period - Icing by Ryan Malone.
7:44 of 1st overtime period - Jason Spezza wins face-off versus Martin Erat in Thrashers zone.
8:10 of 1st overtime period - Off-side.
8:11 of 1st overtime period - Sidney Crosby wins face-off versus Benoit Pouliot in neutral zone.
8:11 of 1st overtime period - Sidney Crosby is hit by Benoit Pouliot.
8:27 of 1st overtime period - Shot by Sidney Crosby.
8:27 of 1st overtime period - Shot Blocked by Marc Staal.
8:38 of 1st overtime period - Minor Penalty to Marc Staal for Hooking.
8:39 of 1st overtime period - Nik Antropov wins face-off versus Chris Stewart in Thrashers zone.
8:39 of 1st overtime period - Nik Antropov is hit by Chris Stewart.
8:53 of 1st overtime period - Ryan Malone is hit by Chris Stewart and loses puck.
9:03 of 1st overtime period - Shot by Jason Spezza.
9:03 of 1st overtime period - Shot Misses the Net.
9:05 of 1st overtime period - Shot by Carl Gunnarsson.
9:05 of 1st overtime period - Shot Misses the Net.
9:14 of 1st overtime period - Icing by Chris Stewart.
9:15 of 1st overtime period - Antoine Vermette wins face-off versus Jason Spezza in Senators zone.
9:32 of 1st overtime period - Shot by Daniel Briere.
9:32 of 1st overtime period - Shot Misses the Net.
9:34 of 1st overtime period - Shot by Filip Kuba.
9:34 of 1st overtime period - Goal by Filip Kuba - Senators : 4 - Thrashers : 3.


Output by the SimonT Hockey Simulator (STHS) for Stephane Roy -- Original Page W3C XHTML 1.0 Valid